 Dungeon Crawl Stone Soup version 0.20-a0-382-g289d6af (webtiles) character file.

2072 Da5id the Cleaver (level 9, -5/74 HPs)
             Began as a Deep Dwarf Fighter on Dec 28, 2016.
             Was a Follower of Makhleb.
             Killed from afar by an electric eel (10 damage)
             ... with a bolt of electricity
             ... on level 6 of the Dungeon.
             The game lasted 00:08:16 (3656 turns).

Da5id the Cleaver (Deep Dwarf Fighter)              Turns: 3656, Time: 00:08:17

Health: -5/74      AC:  9    Str: 23    XL:     9   Next: 5%
Magic:  3/3        EV:  6    Int:  9    God:    Makhleb [*.....]
Gold:   315        SH:  7    Dex: 12    Spells: 8/8 levels left

rFire  . . .     SeeInvis .     a - +0 war axe
rCold  . . .     Gourm    .     r - +0 plate armour
rNeg   . . .     Faith    .     C - +0 buckler
rPois  +         Spirit   .     (no helmet)
rElec  .         Reflect  +     (no cloak)
rCorr  .         Harm     .     D - +2 pair of gloves
MR     +....                    (no boots)
Stlth  ..........               G - +3 amulet of reflection
                                (no ring)
                                (no ring)

@: non-regenerating
A: damage resistance, recharge devices, hooves 2, deformed body, sense
surroundings 2, poison resistance, slow regeneration 3
a: Heal Wounds, Renounce Religion


You were on level 6 of the Dungeon.
You worshipped Makhleb.
Makhleb was aware of your devotion.
You were not hungry.

You visited 1 branch of the dungeon, and saw 6 of its levels.

You collected 315 gold pieces.

Inventory:

Hand Weapons
 a - a +0 war axe (weapon)
Armour
 c - a +0 shield
 r - a +0 plate armour (worn)
 C - a +0 buckler (worn)
 D - a +2 pair of gloves (worn)
Magical Staves
 J - an uncursed staff of conjuration {unknown}
 M - an uncursed staff of conjuration {unknown}
Jewellery
 G - a +3 amulet of reflection (around neck)
Wands
 o - a wand of slowing (42/48)
 B - a wand of lightning (4/15)
 H - a wand of disintegration (9/24)
 K - a wand of slowing (24/48)
Scrolls
 e - 4 scrolls of remove curse
 g - a scroll of teleportation {unknown}
 l - 2 scrolls of recharging {unknown}
 m - 4 scrolls of identify {unknown}
 n - a scroll of fog {unknown}
 t - 2 scrolls of random uselessness {unknown}
 v - 2 scrolls of enchant weapon {unknown}
 y - a scroll of enchant armour {unknown}
 A - a scroll of noise {unknown}
 I - a scroll of summoning {unknown}
Potions
 d - 2 potions of might
 h - a potion of degeneration {unknown}
 j - 2 potions of heal wounds {unknown}
 k - 2 potions of magic {unknown}
 p - 3 potions of curing {unknown}
 q - 3 potions of berserk rage {unknown}
 s - a potion of resistance {unknown}
 u - 2 potions of cancellation {unknown}
 w - 2 potions of invisibility {unknown}
 z - a potion of brilliance {unknown}
Comestibles
 b - 2 slices of pizza
 f - 5 bread rations
 i - 2 fruits
 x - 2 meat rations
 E - a beef jerky
 F - a royal jelly
 L - 7 chunks of flesh


   Skills:
 - Level 2.6 Fighting
 + Level 12.7 Axes
 - Level 3.2 Armour
 - Level 3.2 Shields


You had 8 spell levels left.
You didn't know any spells.

Dungeon Overview and Level Annotations

Branches:
Dungeon (6/15)             Temple (0/1) D:5

Altars:
Dithmenos
Elyvilon
Fedhas
Makhleb
Qazlal
Uskayaw
Vehumet
The Shining One

Annotations:
D:6 exclusion: oklob plant


Innate Abilities, Weirdness & Mutations

You are resistant to damage.
You can recharge devices by infusing magical energy.
You passively map the area around you.
You do not regenerate.
You have hoof-like feet.
Armour fits poorly on your strangely shaped body.
Your system is resistant to poisons. (rPois)


Message History

You hit the electric eel. Your kick misses the electric eel.
The electric eel is moderately wounded.
You miss the electric eel. Your kick misses the electric eel.
The electric eel is moderately wounded.
The electric eel shoots out a bolt of lightning at you!
The bolt of electricity hits you!
* * * LOW HITPOINT WARNING * * *
You hit the electric eel. You kick the electric eel.
The electric eel is heavily wounded.
The electric eel shoots out a bolt of lightning at you!
The bolt of electricity hits you!
* * * LOW HITPOINT WARNING * * *
Your plate armour prevents you from hitting the electric eel.
Your kick misses the electric eel.
The electric eel is heavily wounded.
You hit the electric eel.
The electric eel is severely wounded.
The electric eel shoots out a bolt of lightning at you!
The bolt of electricity hits you!
You die...

*,* #(# * ,* * * #.# , *
#(# * , * , , #(# **
############(####### * *#
..........)).)...... ... ,
, ....................
.... ≈
≈≈≈.≈≈.≈....≈≈..≈≈≈≈.≈≈.≈
≈≈
≈≈≈≈≈≈≈;@..(.≈≈≈≈≈≈≈≈≈≈≈≈≈
≈ ≈
≈≈≈≈≈≈≈≈.....≈≈≈≈≈≈≈≈≈≈≈≈≈
≈≈≈≈≈≈≈≈....≈≈≈≈≈≈≈≈ ≈ ≈ *
** **#########++#########
, * , , , * , ,, , ,, ,, +
,,, , , * , *** , , ,,,, ,
, *, , ,,,,+ , ,


You could see an electric eel.

Vanquished Creatures
  The ghost of DevlanMud the Shield-Bearer, an amateur DsFi (D:4)
  The ghost of lagrange the Charmwright, an amateur MfSk (D:3)
  4 sky beasts
  A black bear (D:4)
  An orc warrior (D:5)
  An ice beast (D:5)
  4 ogres
  A centaur (D:5)
  An electric eel (D:6)
  A howler monkey (D:4)
  3 crimson imps
  A jelly (D:5)
  2 hounds
  A gnoll shaman (D:4)
  An orc wizard (D:5)
  A centaur skeleton (D:4)
  An iguana (D:4)
  3 worker ants
  A hound skeleton (D:6)
  5 adders
  6 gnolls
  A howler monkey skeleton (D:5)
  2 shadow imps (D:5)
  2 oozes
  An adder zombie (D:6)
  An adder skeleton (D:6)
  4 worms
  2 dart slugs
  A leopard gecko (D:5)
  4 orcs
  4 giant cockroaches
  7 goblins
  4 hobgoblins
  8 jackals
  3 quokkas
  3 ball pythons
  5 bats
  3 frilled lizards
  A jackal zombie (D:5)
  9 kobolds
  A leopard gecko skeleton (D:4)
  11 rats
118 creatures vanquished.

Vanquished Creatures (others)
  A worker ant (D:6)
  2 goblins (D:6)
  A hobgoblin (D:6)
4 creatures vanquished.

Grand Total: 122 creatures vanquished

Notes
Turn   | Place    | Note
-------+----------+-------------------------------------------
     0 | D:1      | Da5id the Deep Dwarf Fighter began the quest for the Orb.
     0 | D:1      | Reached XP level 1. HP: 20/20 MP: 1/1
   286 | D:1      | Reached skill level 3 in Axes
   296 | D:1      | Reached XP level 2. HP: 25/27 MP: 2/2
   638 | D:2      | Reached XP level 3. HP: 20/33 MP: 3/3
   671 | D:2      | Reached skill level 4 in Axes
   790 | D:2      | Found a shadowy altar of Dithmenos.
   880 | D:2      | Found a glowing golden altar of the Shining One.
   942 | D:2      | Found a white marble altar of Elyvilon.
  1246 | D:3      | Found a hide-covered altar of Uskayaw.
  1248 | D:3      | Reached XP level 4. HP: 29/40 MP: 4/4
  1356 | D:3      | Noticed lagrange's ghost (amateur MfSk)
  1397 | D:3      | Killed lagrange's ghost
  1397 | D:3      | Reached skill level 6 in Axes
  1397 | D:3      | Reached XP level 5. HP: 16/46 MP: 5/5
  1414 | D:3      | Found a stormy altar of Qazlal.
  1700 | D:4      | Noticed a black bear
  1702 | D:4      | Noticed DevlanMud's ghost (amateur DsFi)
  1711 | D:4      | HP: 2/46 [black bear (4)]
  1713 | D:4      | Killed a black bear
  1713 | D:4      | Reached skill level 7 in Axes
  1713 | D:4      | Reached XP level 6. HP: 18/55 MP: 5/5
  1717 | D:4      | Killed DevlanMud's ghost
  1717 | D:4      | Reached skill level 8 in Axes
  1717 | D:4      | Reached XP level 7. HP: 25/61 MP: 6/6
  1905 | D:4      | Reached skill level 9 in Axes
  2004 | D:4      | Reached skill level 10 in Axes
  2013 | D:4      | Gained mutation: You are clumsy. (Dex -2) [mutagenic meat]
  2014 | D:4      | Gained mutation: You have large cloven feet. [mutagenic meat]
  2015 | D:4      | Gained mutation: Armour fits poorly on your strangely shaped body. [mutagenic meat]
  2016 | D:4      | Gained mutation: Your system is resistant to poisons. (rPois) [mutagenic meat]
  2017 | D:4      | Gained mutation: You have hoof-like feet. [mutagenic meat]
  2018 | D:4      | Lost mutation: You are clumsy. (Dex -2) [mutagenic meat]
  2115 | D:4      | Found a burning altar of Makhleb.
  2125 | D:4      | Became a worshipper of Makhleb the Destroyer
  2293 | D:4      | Reached XP level 8. HP: 32/68 MP: 7/7
  2329 | D:5      | Entered Level 5 of the Dungeon
  2356 | D:5      | Found a staircase to the Ecumenical Temple.
  2719 | D:5      | Reached skill level 11 in Axes
  2986 | D:5      | Reached skill level 12 in Axes
  3427 | D:6      | Found a blossoming altar of Fedhas.
  3439 | D:6      | Noticed an oklob plant
  3579 | D:6      | Found a radiant altar of Vehumet.
  3587 | D:6      | Reached * piety under Makhleb
  3611 | D:6      | Gained mutation: You passively map the area around you. [Deep Dwarf growth]
  3611 | D:6      | Reached XP level 9. HP: 23/74 MP: 6/6
  3656 | D:6      | Killed from afar by an electric eel

Vault maps used:
D:1:      lightli_arrival_statuegarden, minmay_surrounded
D:2:      tso_altar, lemuel_doored_altar, elyvilon_altar_1, first_bread
D:3:      old_standard_altar, nicolae_qazlal_general_emergency
D:4:      makhleb_grotto_becter
D:5:      minmay_small_thing
D:6:      minmay_goblin_kobold_castle, slow_altar_1, kennysheep_mini, tgw_fedhas

Skill      XL: |  1  2  3  4  5  6  7  8 |
---------------+-------------------------+-----
Axes           | 3 4 6 7 8 10 12 | 12.7
Fighting       | |  2.6
Armour         | |  3.2
Shields        | |  3.2

Action                   |  1- 3 |  4- 6 |  7- 9 || total
-------------------------+-------+-------+-------++-------
Melee: War axe           |   135 |    79 |   224 ||   438
       Kick              |       |       |    52 ||    52
 Abil: Heal Wounds       |     1 |     3 |    17 ||    21
  Use: Scroll            |     1 |       |       ||     1
       Potion            |       |     1 |     1 ||     2
  Eat: Chunk             |     1 |     2 |     8 ||    11
       Bread ration      |       |       |     1 ||     1
Armor: Scale mail        |    41 |       |       ||    41
       Plate armour      |    14 |    55 |    95 ||   164
Dodge: Dodged            |    51 |    13 |    46 ||   110
Block: Shield            |    75 |    52 |    18 ||   145
       Buckler           |       |       |    35 ||    35
       Reflection        |       |       |     1 ||     1
